 Dungeon Crawl Stone Soup version 0.24-a0-91-g4e4936a (webtiles) character file.

Game seed: 6873867478032658327

82 pew1234 the Skirmisher (level 4, -5/40 HPs)
             Began as a Hill Orc Fighter on Feb 9, 2019.
             Killed by divine providence
             ... invoked by an orc priest
              (14 damage)
             ... on level 3 of the Dungeon.
             The game lasted 00:03:08 (1621 turns).

pew1234 the Skirmisher (Hill Orc Fighter)           Turns: 1621, Time: 00:03:08

Health: -5/40      AC:  7    Str: 19    XL:     4   Next: 43%
Magic:  4/4        EV:  7    Int:  8    God:
Gold:   70         SH:  9    Dex: 10    Spells: 3/3 levels left

rFire    . . .     SeeInvis .   q - +2 dagger (venom)
rCold    . . .     Gourm    .   c - +0 shield
rNeg     . . .     Faith    .   b - +0 scale mail
rPois    .         Spirit   .   (no helmet)
rElec    .         Reflect  .   (no cloak)
rCorr    .         Harm     .   (no gloves)
MR       .....                  (no boots)
Stlth    ..........             (no amulet)
HPRegen  0.13/turn              (no ring)
MPRegen  0.09/turn              (no ring)

@: no status effects
A: no striking features
a: Convert to Beogh


You were on level 3 of the Dungeon.
You were hungry.

You visited 1 branch of the dungeon, and saw 3 of its levels.

You collected 70 gold pieces.

Inventory:

Hand Weapons
 a - a +0 trident
 q - a +2 dagger of venom (weapon)
Armour
 b - a +0 scale mail (worn)
 c - a +0 shield (worn)
Jewellery
 l - an uncursed ring of resist corrosion {unknown}
Wands
 p - a wand of paralysis (5)
Scrolls
 e - a scroll of remove curse {unknown}
 h - a scroll of blinking {unknown}
 j - 2 scrolls of identify {unknown}
 m - a scroll of enchant armour {unknown}
 n - a scroll of amnesia {unknown}
 o - 2 scrolls of magic mapping {unknown}
 r - a scroll of teleportation {unknown}
 s - a scroll of noise {unknown}
Potions
 d - a potion of might
 g - a potion of agility {unknown}
 i - a potion of degeneration {unknown}
 k - a potion of heal wounds {unknown}
 t - a potion of brilliance {unknown}
Comestibles
 f - 4 rations


   Skills:
 + Level 4.2 Fighting
 + Level 0.2 Short Blades
 + Level 3.1 Polearms
 + Level 3.8 Armour
 + Level 0.6 Dodging
 + Level 4.0 Shields


You had 3 spell levels left.
You didn't know any spells.
Your spell library was empty.

Dungeon Overview and Level Annotations

Branches:
Dungeon (3/15)

Altars:


Message History

The orc priest hits you from afar with a +0 trident.
* * * LOW HITPOINT WARNING * * *
Something hits you but does no damage.
You barely miss something.
The orc priest hits you but does no damage.
You hear some strange, mumbled words.
A puff of frost appears from out of thin air!
The puff of frost misses you.
You hit something. The orc priest barely misses you.
You block something's attack.
You are feeling hungry.
You hit something.
The orc priest shouts, "Surrender to Beogh and we'll let you live!"
The orc priest hits you but does no damage.
Something hits you.
* * * LOW HITPOINT WARNING * * *
You miss something. Something hits you but does no damage.
The orc priest invokes the aid of Beogh against you.
Beogh smites you!
You die...

#...######.#
.........#.####
# #...#..).>.#
#.
####....###.#
#..
#<...†.(....#
....
##..####)#####
..... #..## #.#
......##).# #>#
.......)@.# #.#
......o##.# #.#
...>.## ..# #..
#... ..# ##.
#.. #.# #{ #..
# ##


You could see an orc priest.

Vanquished Creatures
  An adder (D:2)
  An ooze (D:1)
  A dart slug (D:1)
  2 leopard geckos (D:1)
  3 orcs (D:3)
  5 giant cockroaches
  9 goblins
  5 hobgoblins
  3 jackals (D:2)
  A quokka (D:3)
  4 ball pythons
  7 bats
  A frilled lizard (D:1)
  5 kobolds
  8 rats
56 creatures vanquished.

Notes
Turn   | Place    | Note
-------+----------+-------------------------------------------
     0 | D:1      | pew1234 the Hill Orc Fighter began the quest for the Orb.
     0 | D:1      | Reached XP level 1. HP: 19/19 MP: 1/1
   102 | D:1      | Reached XP level 2. HP: 27/27 MP: 2/2
   365 | D:1      | Reached XP level 3. HP: 28/33 MP: 3/3
  1200 | D:2      | Reached XP level 4. HP: 40/40 MP: 4/4
  1621 | D:3      | Killed from afar by an orc priest

Levels and vault maps discovered:
D:1:      nzn_arrival_settlement, layout_basic, st_stairs_14,
          minmay_close_crescents
D:2:      layout_loops_ring
D:3:      layout_rooms

Skill      XL: |  1  2  3  4 |
---------------+-------------+-----
Fighting       | 4 |  4.2
Polearms       | 3 |  3.1
Shields        | 4 |  4.0
Short Blades   | |  0.2
Armour         | |  3.8
Dodging        | |  0.6

Action                   |  1- 3 |  4- 6 || total
-------------------------+-------+-------++-------
Melee: Trident           |   110 |       ||   110
       Dagger            |    13 |    32 ||    45
  Eat: Chunk             |     1 |     1 ||     2
Armor: Scale mail        |    42 |    10 ||    52
Dodge: Dodged            |    36 |    10 ||    46
Block: Shield            |    50 |    17 ||    67

Table legend:
 A = Non-vault XP
 B = Vault XP
 C = Vault XP percentage of total XP
 D = Non-vault monster count
 E = Vault monster count
 F = Vault count percentage of total count
                 A         B        C        D         E       F
            +---------+---------+-------+---------+---------+-------
      Total |     111 |       7 |   5.9 |      52 |       4 |   7.1
            +---------+---------+-------+---------+---------+-------
        D:1 |      49 |       7 |  12.5 |      25 |       4 |  13.8
        D:2 |      47 |       0 |   0.0 |      21 |       0 |   0.0
        D:3 |      15 |       0 |   0.0 |       6 |       0 |   0.0
            +---------+---------+-------+---------+---------+-------
